PIO (24 & UNDER)
SURREY SINNERS @ SALEM SLEDGEHAMMERS
10/07/2026
 
TOP OF THE 1ST
Surrey Sinners batting - Pitching for Salem Sledgehammers : LHP Miguel Galván
Pitching: LHP Miguel Galván
Batting: RHB Ramón Molina 0-0: Ball
1-0: Called Strike
1-1: Fly out, F6 (Popup, 6M)
Batting: RHB Jesús Lara 0-0: Ball
1-0: Called Strike
1-1: Ground out 6-3 (Groundball, 6)
Batting: RHB Jamie Swyers 0-0: Foul Ball, location: 2F
0-1: Swinging Strike
0-2: Strikes out swinging
Top of the 1st over - 0 run(s), 0 hit(s), 0 error(s), 0 left on base; Surrey 0 - Salem 0
BOTTOM OF THE 1ST
Salem Sledgehammers batting - Pitching for Surrey Sinners : RHP Juan Zumaya
Pitching: RHP Juan Zumaya
Batting: RHB Luis Bustamante 0-0: Ball
1-0: Foul Ball, location: 2F
1-1: SINGLE (Groundball, 25) (infield hit)
Batting: LHB José Rivera 0-0: Ball
1-0: Ball
2-0: Foul Ball, location: 2F
2-1: Ball
3-1: Foul Ball, location: 2F
3-2: Strikes out swinging
Batting: LHB Nathan Frey 0-0: Fielders Choice at 2nd, 3-6 (Groundball, 3)
Batting: SHB Enrique Uribe 0-0: Called Strike
0-1: Fielders Choice at 2nd, U6 (Groundball, 6M)
Bottom of the 1st over - 0 run(s), 1 hit(s), 0 error(s), 1 left on base; Surrey 0 - Salem 0
TOP OF THE 2ND
Surrey Sinners batting - Pitching for Salem Sledgehammers : LHP Miguel Galván
Batting: RHB Daniel Santiago 0-0: Foul Ball, location: 2F
0-1: Foul Ball, location: 2F
0-2: Ball
1-2: Foul Ball, location: 2F
1-2: Strikes out looking
Batting: LHB Iván Espinosa 0-0: Called Strike
0-1: Foul Ball, location: 2F
0-2: Foul Ball, location: 2F
0-2: Strikes out swinging
Batting: RHB Augusto Trevino 0-0: Foul Ball, location: 2F
0-1: Ball
1-1: Foul Ball, location: 2F
1-2: Ball
2-2: Foul Ball, location: 2F
2-2: Ball
3-2: Foul Ball, location: 2F
3-2: Foul Ball, location: 2F
3-2: Ground out 5-3 (Groundball, 5)
Top of the 2nd over - 0 run(s), 0 hit(s), 0 error(s), 0 left on base; Surrey 0 - Salem 0
BOTTOM OF THE 2ND
Salem Sledgehammers batting - Pitching for Surrey Sinners : RHP Juan Zumaya
Batting: RHB Bobby Miller 0-0: Swinging Strike
0-1: Ball
1-1: Ball
2-1: Foul Ball, location: 2F
2-2: Strikes out swinging
Batting: SHB Júlio Salazar 0-0: Foul Ball, location: 2F
0-1: Foul Ball, location: 2F
0-2: Ball
1-2: Strikes out swinging
Batting: RHB Patrick Daniels 0-0: Called Strike
0-1: Foul Ball, location: 2F
0-2: Ball
1-2: Ball
2-2: Ball
3-2: Foul Ball, location: 2F
3-2: Base on Balls
Batting: LHB Caleb Hall 0-0: Ball
1-0: Ball
2-0: Ball
3-0: Base on Balls
Patrick Daniels to second
Batting: RHB Lakota O'Reilly 0-0: Foul Ball, location: 2F
0-1: Ball
1-1: Foul Ball, location: 2F
1-2: Ball
Wild Pitch!
Patrick Daniels to third
Caleb Hall to second
2-2: Strikes out looking
Bottom of the 2nd over - 0 run(s), 0 hit(s), 0 error(s), 2 left on base; Surrey 0 - Salem 0
TOP OF THE 3RD
Surrey Sinners batting - Pitching for Salem Sledgehammers : LHP Miguel Galván
Batting: RHB Clint Younger 0-0: Ground out 6-3 (Groundball, 6)
Batting: RHB Félix Castro 0-0: Ball
1-0: Ball
2-0: Ball
3-0: Called Strike
3-1: Foul Ball, location: 2F
3-2: Base on Balls
Batting: RHB Shawn Gutiérrez 0-0: Swinging Strike
0-1: Ball
1-1: Foul Ball, location: 2F
1-2: Strikes out looking
Batting: RHB Ramón Molina 0-0: Ball
1-0: Swinging Strike
1-1: Ball
2-1: Ball
3-1: Ground out U3 (Groundball, 3)
Top of the 3rd over - 0 run(s), 0 hit(s), 0 error(s), 1 left on base; Surrey 0 - Salem 0
BOTTOM OF THE 3RD
Salem Sledgehammers batting - Pitching for Surrey Sinners : RHP Juan Zumaya
Batting: RHB Luis Bustamante 0-0: Ball
1-0: Ground out 5-3 (Groundball, 56)
Batting: LHB José Rivera 0-0: SINGLE (Line Drive, 6MD)
Batting: LHB Nathan Frey 0-0: Ball
1-0: Foul Ball, location: 2F
1-1: Foul Ball, location: 2F
1-2: Strikes out looking
Batting: SHB Enrique Uribe 0-0: Ball
José Rivera is caught stealing 2nd base
Bottom of the 3rd over - 0 run(s), 1 hit(s), 0 error(s), 0 left on base; Surrey 0 - Salem 0
TOP OF THE 4TH
Surrey Sinners batting - Pitching for Salem Sledgehammers : LHP Miguel Galván
Batting: RHB Jesús Lara 0-0: Called Strike
0-1: Foul Ball, location: 2F
0-2: Strikes out swinging
Batting: RHB Jamie Swyers 0-0: Ball
1-0: Called Strike
1-1: Swinging Strike
1-2: Ball
2-2: Ball
3-2: Strikes out swinging
Batting: RHB Daniel Santiago 0-0: Swinging Strike
0-1: Called Strike
0-2: Strikes out swinging
Top of the 4th over - 0 run(s), 0 hit(s), 0 error(s), 0 left on base; Surrey 0 - Salem 0
BOTTOM OF THE 4TH
Salem Sledgehammers batting - Pitching for Surrey Sinners : RHP Juan Zumaya
Batting: SHB Enrique Uribe 0-0: Ball
1-0: Ball
2-0: Called Strike
2-1: Foul Ball, location: 2F
2-2: Strikes out looking
Batting: RHB Bobby Miller 0-0: Ball
1-0: Fly out, F8 (Flyball, 8RM)
Batting: SHB Júlio Salazar 0-0: Ground out 3-1 (Groundball, 34)
Bottom of the 4th over - 0 run(s), 0 hit(s), 0 error(s), 0 left on base; Surrey 0 - Salem 0
TOP OF THE 5TH
Surrey Sinners batting - Pitching for Salem Sledgehammers : LHP Miguel Galván
Batting: LHB Iván Espinosa 0-0: Called Strike
0-1: Foul Ball, location: 2F
0-2: Ball
1-2: Ball
2-2: Strikes out looking
Batting: RHB Augusto Trevino 0-0: Ball
1-0: Ball
2-0: Ball
3-0: Base on Balls
Batting: RHB Clint Younger 0-0: Foul Ball, location: 2F
0-1: Ball
Augusto Trevino is caught stealing 2nd base
1-1: Foul Ball, location: 2F
1-2: Ball
2-2: Strikes out looking
Top of the 5th over - 0 run(s), 0 hit(s), 0 error(s), 0 left on base; Surrey 0 - Salem 0
BOTTOM OF THE 5TH
Salem Sledgehammers batting - Pitching for Surrey Sinners : RHP Juan Zumaya
Batting: RHB Patrick Daniels 0-0: Swinging Strike
0-1: Ground out 6-3 (Groundball, 6MS)
Batting: LHB Caleb Hall 0-0: Fly out, F8 (Flyball, 8LD)
Batting: RHB Lakota O'Reilly 0-0: Called Strike
0-1: Ball
1-1: Ball
2-1: Swinging Strike
2-2: Ball
3-2: Foul Ball, location: 2F
3-2: Foul Ball, location: 2F
3-2: Foul Ball, location: 2F
3-2: Ground out 1-3 (Groundball, 15S)
Bottom of the 5th over - 0 run(s), 0 hit(s), 0 error(s), 0 left on base; Surrey 0 - Salem 0
TOP OF THE 6TH
Surrey Sinners batting - Pitching for Salem Sledgehammers : LHP Miguel Galván
Batting: RHB Félix Castro 0-0: Ball
1-0: Swinging Strike
1-1: Ground out 3-1 (Groundball, 34)
Batting: RHB Shawn Gutiérrez 0-0: Foul Ball, location: 2F
0-1: Called Strike
0-2: Strikes out swinging
Batting: RHB Ramón Molina 0-0: Called Strike
0-1: Ball
1-1: Foul Ball, location: 2F
1-2: Ball
2-2: Foul Ball, location: 2F
2-2: Fly out, F8 (Popup, 8RS)
Top of the 6th over - 0 run(s), 0 hit(s), 0 error(s), 0 left on base; Surrey 0 - Salem 0
BOTTOM OF THE 6TH
Salem Sledgehammers batting - Pitching for Surrey Sinners : RHP Juan Zumaya
Batting: RHB Luis Bustamante 0-0: Ball
1-0: Swinging Strike
1-1: SOLO HOME RUN (Flyball, 7D), Distance : 415 ft
Batting: LHB José Rivera 0-0: Ground out 4-3 (Groundball, 34)
Batting: LHB Nathan Frey 0-0: Ball
1-0: Ball
2-0: Ball
3-0: Base on Balls
Batting: SHB Enrique Uribe 0-0: Called Strike
0-1: Fly out, F6 (Popup, 6MD)
Pinch Runner at 1st José García:
Batting: RHB Bobby Miller 0-0: Foul Ball, location: 2F
0-1: Swinging Strike
0-2: Ball
José García steals 2nd base
1-2: Foul Ball, location: 2F
1-2: Fly out, F8 (Flyball, 78XD)
Bottom of the 6th over - 1 run(s), 1 hit(s), 0 error(s), 1 left on base; Surrey 0 - Salem 1
TOP OF THE 7TH
Surrey Sinners batting - Pitching for Salem Sledgehammers : LHP Miguel Galván
Batting: RHB Jesús Lara 0-0: Called Strike
0-1: Foul Ball, location: 2F
0-2: Ball
1-2: Ball
2-2: Strikes out looking
Batting: RHB Jamie Swyers 0-0: Called Strike
0-1: Ball
1-1: Ball
2-1: Ball
3-1: Foul Ball, location: 2F
3-2: Foul Ball, location: 2F
3-2: Strikes out swinging
Batting: RHB Daniel Santiago 0-0: Foul Ball, location: 2F
0-1: Fly out, F7 (Flyball, 78M)
Top of the 7th over - 0 run(s), 0 hit(s), 0 error(s), 0 left on base; Surrey 0 - Salem 1
BOTTOM OF THE 7TH
Salem Sledgehammers batting - Pitching for Surrey Sinners : RHP Juan Zumaya
Pitching: RHP Juan Fonseca
Batting: SHB Júlio Salazar 0-0: Ball
1-0: Foul Ball, location: 2F
1-1: Foul Ball, location: 2F
1-2: Strikes out swinging
Batting: RHB Patrick Daniels 0-0: Foul Ball, location: 2F
0-1: Foul Ball, location: 2F
0-2: Strikes out looking
Pitching: LHP Orlando Morales
Batting: LHB Caleb Hall 0-0: Foul Ball, location: 2F
0-1: Called Strike
0-2: Foul Ball, location: 2F
0-2: Ball
1-2: Ball
2-2: Foul Ball, location: 2F
2-2: Ball
3-2: Foul Ball, location: 2F
3-2: Foul Ball, location: 2F
3-2: Base on Balls
Pitching: LHP Dennis Morales
Batting: RHB Lakota O'Reilly 0-0: Ball
1-0: Ground out 1-3 (Groundball, 15)
Bottom of the 7th over - 0 run(s), 0 hit(s), 0 error(s), 1 left on base; Surrey 0 - Salem 1
TOP OF THE 8TH
Surrey Sinners batting - Pitching for Salem Sledgehammers : LHP Miguel Galván
Batting: LHB Iván Espinosa 0-0: Ground out 5-3 (Groundball, 56S)
Batting: RHB Augusto Trevino 0-0: Ball
1-0: Ball
2-0: Foul Ball, location: 2F
2-1: Ball
3-1: Base on Balls
Pitching: LHP Alberto Pagán
Batting: RHB Clint Younger 0-0: Ball
1-0: Swinging Strike
1-1: Foul Ball, location: 2F
1-2: Ball
2-2: Foul Ball, location: 2F
2-2: Strikes out swinging
Pitching: RHP Blake Koepke
Pinch Hitting: LHB Juan Hinojosa 0-0: Ball
Pickoff Throw to First - Error! E1
Augusto Trevino to second
1-0: Swinging Strike
1-1: Called Strike
1-2: Ball
2-2: Foul Ball, location: 2F
2-2: Strikes out swinging
Top of the 8th over - 0 run(s), 0 hit(s), 1 error(s), 1 left on base; Surrey 0 - Salem 1
BOTTOM OF THE 8TH
Salem Sledgehammers batting - Pitching for Surrey Sinners : LHP Dennis Morales
Now at 3B: José Blanco
Batting: RHB Luis Bustamante 0-0: Ball
1-0: Ball
2-0: Ball
3-0: Base on Balls
Batting: LHB José Rivera 0-0: Sac Bunt - play at first, batter OUT! 2-4
Luis Bustamante to second
Batting: RHB José García 0-0: Ball
1-0: Fly out, F5 (Line Drive, 56)
Batting: SHB Enrique Uribe 0-0: Called Strike
0-1: Ball
1-1: Ball
2-1: Hit by Pitch
Batting: RHB Bobby Miller 0-0: Foul Ball, location: 2F
0-1: Ball
1-1: Ball
2-1: Ball
3-1: Called Strike
3-2: Ground out 6-3 (Groundball, 6)
Bottom of the 8th over - 0 run(s), 0 hit(s), 0 error(s), 2 left on base; Surrey 0 - Salem 1
TOP OF THE 9TH
Surrey Sinners batting - Pitching for Salem Sledgehammers : RHP Blake Koepke
Pitching: RHP Norberto Deleón
Pinch Hitting: LHB Tony Smith 0-0: Called Strike
0-1: Ground out 5-3 (Groundball, 56)
Batting: RHB Ramón Molina 0-0: Ball
1-0: Called Strike
1-1: Foul Ball, location: 2F
1-2: Strikes out looking
Batting: RHB Jesús Lara 0-0: Foul Ball, location: 2F
0-1: Ball
1-1: Foul Ball, location: 2F
1-2: Ball
2-2: Ball
3-2: Foul Ball, location: 2F
3-2: Foul Ball, location: 2F
3-2: Foul Ball, location: 2F
3-2: SINGLE (Groundball, 56D)
Batting: RHB Jamie Swyers 0-0: Ball
1-0: Called Strike
1-1: Fly out, F9 (Flyball, 9M)
Top of the 9th over - 0 run(s), 1 hit(s), 0 error(s), 1 left on base; Surrey 0 - Salem 1
Monday, December 5th, 2016 - OOTP Baseball 17.12 Build 75